| TOP OF THE 1ST |
|
Americus Braves batting - Pitching for Amarillo ThunderHeads : RHP Guignard Settignano
|
|
Pitching: RHP Guignard Settignano
|
|
|
Batting: RHB Alex Guerra
|
0-0: Called Strike 0-1: Ball 1-1: Called Strike 1-2: Ground out 1-3 (Groundball, P, EV 69.4 MPH)
|
|
Batting: RHB Wilson Salgado
|
0-0: Swinging Strike 0-1: Called Strike 0-2: Ball 1-2: Strikes out looking
|
|
Batting: LHB Garret Mathis
|
0-0: Ball 1-0: Ball 2-0: Foul Ball, location: 2F 2-1: Ball 3-1: Base on Balls
|
|
Batting: RHB Ryan Cole
|
0-0: Ball 1-0: Ball 2-0: Ball 3-0: Base on Balls Garret Mathis to second
|
|
Batting: RHB Ricardo Joya
|
0-0: Called Strike 0-1: Swinging Strike 0-2: Ground out 5-3 (Groundball, 56, EV 101.9 MPH)
|
| Top of the 1st over - 0 runs, 0 hits, 0 errors, 2 left on base; Americus 0 - Amarillo 0 |
| BOTTOM OF THE 1ST |
|
Amarillo ThunderHeads batting - Pitching for Americus Braves : RHP Alfredo Villamar
|
|
Pitching: RHP Alfredo Villamar
|
|
|
Batting: RHB Sam Voss
|
0-0: Called Strike 0-1: Swinging Strike 0-2: Foul Ball, location: 2F 0-2: Ball 1-2: Ball 2-2: Foul Ball, location: 2F 2-2: SINGLE (Flyball, 7LS, EV 90.0 MPH)
|
|
Batting: RHB Robert Topete
|
0-0: Ball 1-0: DOUBLE (Line Drive, 7LS, EV 115.0 MPH) Sam Voss to third Runner from 3rd tries for Home, SAFE, throw by LF to trailing runner, SAFE at third!
|
|
Batting: LHB Alex Rivera
|
0-0: Ball 1-0: Ball 2-0: Ball 3-0: Base on Balls
|
|
Batting: LHB Danny Moreno
|
0-0: Foul Ball, location: 2F 0-1: Foul Ball, location: 2F 0-2: Ball 1-2: Ball 2-2: Ball 3-2: Fly out, F2 (Popup, 2L, EV 90.0 MPH)
|
|
Batting: RHB Evan Fry
|
0-0: Ball 1-0: Grounds into double play, 6-4-3 (Groundball, 56D, EV 98.1 MPH)
|
| Bottom of the 1st over - 1 run, 2 hits, 0 errors, 1 left on base; Americus 0 - Amarillo 1 |
| TOP OF THE 2ND |
|
Americus Braves batting - Pitching for Amarillo ThunderHeads : RHP Guignard Settignano
|
|
Batting: RHB Jose Hurtado
|
0-0: Called Strike 0-1: Foul Ball, location: 2F 0-2: Strikes out swinging
|
|
Batting: RHB Josh Maxwell
|
0-0: Ball 1-0: Called Strike 1-1: Foul Ball, location: 2F 1-2: Foul Ball, location: 2F 1-2: Strikes out swinging, 2-3 out at first.
|
|
Batting: RHB Bart Stevensdick
|
0-0: Swinging Strike 0-1: Called Strike 0-2: Ground out 5-3 (Groundball, 25, EV 87.5 MPH)
|
| Top of the 2nd over - 0 runs, 0 hits, 0 errors, 0 left on base; Americus 0 - Amarillo 1 |
| BOTTOM OF THE 2ND |
|
Amarillo ThunderHeads batting - Pitching for Americus Braves : RHP Alfredo Villamar
|
|
Batting: RHB Eulogio Loureiro
|
0-0: SOLO HOME RUN (Flyball, 78XD, EV 103.1 MPH), Distance : 392 ft
|
|
Batting: LHB Carlos Guajardo
|
0-0: Ball 1-0: Called Strike 1-1: Ball 2-1: Ground out 4-3 (Groundball, 4M, EV 86.2 MPH)
|
|
Batting: RHB Pat Martin
|
0-0: Ball 1-0: Ball 2-0: Ball 3-0: Base on Balls
|
|
Batting: RHB Eddie Vanderjagt
|
0-0: Ball 1-0: Foul Ball, location: 2F 1-1: Foul Ball, location: 2F 1-2: Foul Ball, location: 2F 1-2: Fly out, F7 (Line Drive, 7D, EV 98.1 MPH)
|
|
Batting: RHB Sam Voss
|
0-0: Ball 1-0: Swinging Strike 1-1: Ball 2-1: Ball 3-1: Fly out, F9 (Flyball, 89M, EV 92.5 MPH)
|
| Bottom of the 2nd over - 1 run, 1 hit, 0 errors, 1 left on base; Americus 0 - Amarillo 2 |
| TOP OF THE 3RD |
|
Americus Braves batting - Pitching for Amarillo ThunderHeads : RHP Guignard Settignano
|
|
Batting: RHB Juan Barela
|
0-0: Called Strike 0-1: Ball 1-1: Swinging Strike 1-2: Foul Ball, location: 2F 1-2: Ball 2-2: Foul Ball, location: 2F 2-2: Strikes out swinging
|
|
Batting: RHB Alex Guerra
|
0-0: Ball 1-0: Called Strike 1-1: Foul Ball, location: 2F 1-2: Foul Ball, location: 2F 1-2: Strikes out looking
|
|
Batting: RHB Wilson Salgado
|
0-0: Ball 1-0: Ball 2-0: Ball 3-0: Called Strike 3-1: Base on Balls
|
|
Batting: LHB Garret Mathis
|
0-0: Ball 1-0: Called Strike 1-1: Foul Ball, location: 2F 1-2: Ground out 2-3 (Groundball, 13S, EV 69.4 MPH)
|
| Top of the 3rd over - 0 runs, 0 hits, 0 errors, 1 left on base; Americus 0 - Amarillo 2 |
| BOTTOM OF THE 3RD |
|
Amarillo ThunderHeads batting - Pitching for Americus Braves : RHP Alfredo Villamar
|
|
Batting: RHB Robert Topete
|
0-0: Called Strike 0-1: SINGLE (Groundball, 4MD, EV 111.9 MPH)
|
|
Batting: LHB Alex Rivera
|
0-0: Called Strike 0-1: Foul Ball, location: 2F 0-2: DOUBLE (Flyball, 78D, EV 98.8 MPH) Robert Topete to third
|
|
Batting: LHB Danny Moreno
|
0-0: Fly out, F7 (Flyball, 78S, EV 87.5 MPH)
|
|
Batting: RHB Evan Fry
|
0-0: Ball 1-0: Ball 2-0: Foul Ball, location: 2F 2-1: Ball 3-1: Ground out 5-3 (Groundball, 56, EV 85.0 MPH) Robert Topete scores
|
|
Batting: RHB Eulogio Loureiro
|
0-0: Ball 1-0: Foul Ball, location: 2F 1-1: Ball 2-1: Fly out, F9 (Flyball, 89D, EV 80.6 MPH)
|
| Bottom of the 3rd over - 1 run, 2 hits, 0 errors, 1 left on base; Americus 0 - Amarillo 3 |
| TOP OF THE 4TH |
|
Americus Braves batting - Pitching for Amarillo ThunderHeads : RHP Guignard Settignano
|
|
Batting: RHB Ryan Cole
|
0-0: Ball 1-0: Ground out 6-3 (Groundball, 6, EV 105.0 MPH)
|
|
Batting: RHB Ricardo Joya
|
0-0: Swinging Strike 0-1: Foul Ball, location: 2F 0-2: Foul Ball, location: 2F 0-2: Ball 1-2: Ball 2-2: Fly out, F9 (Flyball, 9LSF, EV 96.2 MPH)
|
|
Batting: RHB Jose Hurtado
|
0-0: Foul Ball, location: 2F 0-1: Hit by Pitch
|
|
Batting: RHB Josh Maxwell
|
0-0: Foul Ball, location: 2F 0-1: Ball 1-1: Ball 2-1: Swinging Strike 2-2: Ball 3-2: Strikes out looking
|
| Top of the 4th over - 0 runs, 0 hits, 0 errors, 1 left on base; Americus 0 - Amarillo 3 |
| BOTTOM OF THE 4TH |
|
Amarillo ThunderHeads batting - Pitching for Americus Braves : RHP Alfredo Villamar
|
|
Batting: LHB Carlos Guajardo
|
0-0: Called Strike 0-1: Ball 1-1: Ball 2-1: Swinging Strike 2-2: Ball 3-2: Base on Balls
|
|
Batting: RHB Pat Martin
|
0-0: Swinging Strike 0-1: Foul Ball, location: 2F 0-2: Ball 1-2: Ball 2-2: DOUBLE (Line Drive, 9LM, EV 110.6 MPH) Carlos Guajardo to third Runner from 3rd tries for Home, SAFE, no throw by RF
|
|
Batting: RHB Eddie Vanderjagt
|
0-0: Called Strike 0-1: Foul Ball, location: 2F 0-2: Ball 1-2: Ball 2-2: Fly out, F8 (Line Drive, 8LD, EV 88.1 MPH)
|
|
Batting: RHB Sam Voss
|
0-0: Ball 1-0: Ball 2-0: Called Strike 2-1: Ball 3-1: Base on Balls
|
|
Batting: RHB Robert Topete
|
0-0: Called Strike 0-1: Ball 1-1: Ball 2-1: Fly out, F8 (Flyball, 89D, EV 105.0 MPH)
|
|
Batting: LHB Alex Rivera
|
0-0: Called Strike 0-1: Ball 1-1: Ball 2-1: Ball 3-1: Fly out, F9 (Flyball, 89S, EV 85.6 MPH)
|
| Bottom of the 4th over - 1 run, 1 hit, 0 errors, 2 left on base; Americus 0 - Amarillo 4 |
| TOP OF THE 5TH |
|
Americus Braves batting - Pitching for Amarillo ThunderHeads : RHP Guignard Settignano
|
|
Batting: RHB Bart Stevensdick
|
0-0: Ball 1-0: Ball 2-0: Ball 3-0: Called Strike 3-1: Foul Ball, location: 2F 3-2: Foul Ball, location: 2F 3-2: Strikes out swinging
|
|
Batting: RHB Juan Barela
|
0-0: Called Strike 0-1: Foul Ball, location: 2F 0-2: Ball 1-2: Fly out, F7 (Flyball, 7, EV 95.6 MPH)
|
|
Batting: RHB Alex Guerra
|
0-0: Ground out 5-3 (Groundball, 5S, EV 63.1 MPH)
|
| Top of the 5th over - 0 runs, 0 hits, 0 errors, 0 left on base; Americus 0 - Amarillo 4 |
| BOTTOM OF THE 5TH |
|
Amarillo ThunderHeads batting - Pitching for Americus Braves : RHP Alfredo Villamar
|
|
Batting: LHB Danny Moreno
|
0-0: Called Strike 0-1: Ball 1-1: Ball 2-1: Ball 3-1: Foul Ball, location: 2F 3-2: Foul Ball, location: 2F 3-2: Fly out, F5 (Popup, 6, EV 65.6 MPH)
|
|
Batting: RHB Evan Fry
|
0-0: Foul Ball, location: 2F 0-1: Ball 1-1: Called Strike 1-2: Ball 2-2: Foul Ball, location: 2F 2-2: SINGLE (Groundball, 6MD, EV 104.4 MPH)
|
|
Batting: RHB Eulogio Loureiro
|
0-0: Called Strike 0-1: Ball 1-1: Called Strike 1-2: Ground out 5-3 (Groundball, 56, EV 83.8 MPH) Evan Fry to second
|
|
Batting: LHB Carlos Guajardo
|
0-0: Ball 1-0: Swinging Strike 1-1: Ball 2-1: Ball 3-1: Base on Balls
|
|
Batting: RHB Pat Martin
|
0-0: Called Strike 0-1: Foul Ball, location: 2F 0-2: Strikes out looking
|
| Bottom of the 5th over - 0 runs, 1 hit, 0 errors, 2 left on base; Americus 0 - Amarillo 4 |
| TOP OF THE 6TH |
|
Americus Braves batting - Pitching for Amarillo ThunderHeads : RHP Guignard Settignano
|
|
Batting: RHB Wilson Salgado
|
0-0: Swinging Strike 0-1: Ball 1-1: Foul Ball, location: 2F 1-2: Ball 2-2: Strikes out looking
|
|
Batting: LHB Garret Mathis
|
0-0: SINGLE (Groundball, 4MD, EV 110.0 MPH)
|
|
Batting: RHB Ryan Cole
|
0-0: Ball 1-0: Ball 2-0: Ball 3-0: Base on Balls Garret Mathis to second
|
|
Batting: RHB Ricardo Joya
|
0-0: Called Strike 0-1: Ball 1-1: Swinging Strike 1-2: Strikes out swinging
|
|
Batting: RHB Jose Hurtado
|
0-0: Called Strike 0-1: Called Strike 0-2: Ball 1-2: Ball 2-2: Foul Ball, location: 2F 2-2: Strikes out swinging
|
| Top of the 6th over - 0 runs, 1 hit, 0 errors, 2 left on base; Americus 0 - Amarillo 4 |
| BOTTOM OF THE 6TH |
|
Amarillo ThunderHeads batting - Pitching for Americus Braves : RHP Alfredo Villamar
|
|
Pitching: RHP Marc Focht
|
|
|
Pinch Hitting: RHB Eric Camillo
|
0-0: Ball 1-0: Ball 2-0: Ball 3-0: Base on Balls
|
|
Batting: RHB Sam Voss
|
0-0: Called Strike 0-1: Ball 1-1: Ball 2-1: Called Strike 2-2: Ball 3-2: SINGLE (Groundball, 5S, EV 65.0 MPH) (infield hit) Eric Camillo to second
|
|
Batting: RHB Robert Topete
|
0-0: Swinging Strike 0-1: Ball 1-1: Swinging Strike 1-2: Ball 2-2: Foul Ball, location: 2F 2-2: Grounds into double play, 6-4-3 (Groundball, 6, EV 101.9 MPH) Eric Camillo to third
|
|
Batting: LHB Alex Rivera
|
0-0: Called Strike 0-1: Ball 1-1: Ball 2-1: Swinging Strike 2-2: SINGLE (Groundball, 5S, EV 64.4 MPH) (infield hit) Eric Camillo scores
|
|
Batting: LHB Danny Moreno
|
0-0: Called Strike 0-1: Swinging Strike 0-2: Strikes out swinging
|
| Bottom of the 6th over - 1 run, 2 hits, 0 errors, 1 left on base; Americus 0 - Amarillo 5 |
| TOP OF THE 7TH |
|
Americus Braves batting - Pitching for Amarillo ThunderHeads : RHP Guignard Settignano
|
|
Now at 3B: Bill Flannery
|
|
|
Batting: RHB Josh Maxwell
|
0-0: Ball 1-0: Foul Ball, location: 2F 1-1: Ball 2-1: Foul Ball, location: 2F 2-2: Ball 3-2: Base on Balls
|
|
Pitching: RHP Javier Chavez
|
|
|
Batting: RHB Bart Stevensdick
|
0-0: Fly out, F7 (Flyball, 78M, EV 85.6 MPH)
|
|
Batting: RHB Juan Barela
|
0-0: SINGLE (Line Drive, 56D, EV 107.5 MPH) Josh Maxwell to second
|
|
Batting: RHB Alex Guerra
|
0-0: Grounds into double play, 6-4-3 (Groundball, 56, EV 85.0 MPH)
|
| Top of the 7th over - 0 runs, 1 hit, 0 errors, 1 left on base; Americus 0 - Amarillo 5 |
| BOTTOM OF THE 7TH |
|
Amarillo ThunderHeads batting - Pitching for Americus Braves : RHP Marc Focht
|
|
Batting: RHB Evan Fry
|
0-0: Fly out, F7 (Flyball, 78S, EV 97.5 MPH)
|
|
Batting: RHB Eulogio Loureiro
|
0-0: Ball 1-0: Ground out 5-3 (Groundball, 5L, EV 108.1 MPH)
|
|
Batting: LHB Carlos Guajardo
|
0-0: Ground out 4-3 (Groundball, 4, EV 85.6 MPH)
|
| Bottom of the 7th over - 0 runs, 0 hits, 0 errors, 0 left on base; Americus 0 - Amarillo 5 |
| TOP OF THE 8TH |
|
Americus Braves batting - Pitching for Amarillo ThunderHeads : RHP Javier Chavez
|
|
Batting: RHB Wilson Salgado
|
0-0: Ball 1-0: Ball 2-0: Ball 3-0: Called Strike 3-1: Ground out 6-3 (Groundball, 6, EV 103.1 MPH)
|
|
Batting: LHB Garret Mathis
|
0-0: Called Strike 0-1: Called Strike 0-2: Ball 1-2: Ball 2-2: Ground out 4-3 (Groundball, 4, EV 86.2 MPH)
|
|
Batting: RHB Ryan Cole
|
0-0: Foul Ball, location: 2F 0-1: Ball 1-1: Ball 2-1: Foul Ball, location: 2F 2-2: Ball 3-2: Fly out, F6 (Popup, 6MS, EV 76.2 MPH)
|
| Top of the 8th over - 0 runs, 0 hits, 0 errors, 0 left on base; Americus 0 - Amarillo 5 |
| BOTTOM OF THE 8TH |
|
Amarillo ThunderHeads batting - Pitching for Americus Braves : RHP Marc Focht
|
|
Pinch Hitting: RHB Josh Shoemaker
|
0-0: Ball 1-0: Ball 2-0: Swinging Strike 2-1: Ball 3-1: Called Strike 3-2: Foul Ball, location: 2F 3-2: Base on Balls
|
|
Batting: RHB Bill Flannery
|
0-0: Ball 1-0: Ball 2-0: Ball 3-0: Base on Balls Josh Shoemaker to second
|
|
Pitching: RHP Norm Wamboldt
|
|
|
Batting: RHB Sam Voss
|
0-0: Ball 1-0: Ball 2-0: Bunted foul 2-1: Sac Bunt to 5S - play at first, batter OUT! 5-4 Josh Shoemaker to third Bill Flannery to second
|
|
Batting: RHB Robert Topete
|
0-0: Foul Ball, location: 2F 0-1: Fly out, F4 (Popup, 34, EV 73.1 MPH)
|
|
Batting: LHB Alex Rivera
|
0-0: Ball Wild Pitch! Josh Shoemaker scores Bill Flannery to third 1-0: Called Strike 1-1: Ball 2-1: Foul Ball, location: 2F 2-2: Ball 3-2: SINGLE (Groundball, 34D, EV 109.4 MPH) Bill Flannery scores
|
|
Batting: LHB Danny Moreno
|
0-0: Foul Ball, location: 2F 0-1: Fly out, F7 (Line Drive, 78XD, EV 90.6 MPH)
|
| Bottom of the 8th over - 2 runs, 1 hit, 0 errors, 1 left on base; Americus 0 - Amarillo 7 |
| TOP OF THE 9TH |
|
Americus Braves batting - Pitching for Amarillo ThunderHeads : RHP Javier Chavez
|
|
Now at 2B: Shi-fu Cuan
|
|
|
Batting: RHB Ricardo Joya
|
0-0: Ball 1-0: Called Strike 1-1: Ground out 6-3 (Groundball, 56, EV 103.8 MPH)
|
|
Batting: RHB Jose Hurtado
|
0-0: Ball 1-0: Foul Ball, location: 2F 1-1: Foul Ball, location: 2F 1-2: Foul Ball, location: 2F 1-2: Strikes out looking
|
|
Batting: RHB Josh Maxwell
|
0-0: Foul Ball, location: 2F 0-1: Swinging Strike 0-2: Strikes out swinging
|
| Top of the 9th over - 0 runs, 0 hits, 0 errors, 0 left on base; Americus 0 - Amarillo 7 |
|